 Dungeon Crawl Stone Soup version 0.31-a0-544-gceb718ecc6 (webtiles) character file.

Game seed: 10013755056895865899

686 Dittersdorf the Covered (level 7, -4/44 HPs)
             Began as a Gargoyle Fighter on Aug 15, 2023.
             Slain by a gnoll
             ... wielding a +0 flail
             ... led by a gnoll bouda
              (5 damage)
             ... on level 4 of the Dungeon.
             The game lasted 00:03:46 (3385 turns).

Dittersdorf the Covered (Gargoyle Fighter)          Turns: 3385, Time: 00:03:46

Health: -4/44      AC: 22    Str: 22    XL:     7   Next: 62%
Magic:  7/7        EV:  8    Int:  8    God:
Gold:   158        SH:  5    Dex:  9    Spells: 6/6 levels left

rFire   . . .        a - +0 flail (protect)
rCold   . . .        c - +0 buckler
rNeg    + . .        e - +1 chain mail
rPois   ∞            k - +0 helmet
rElec   +            (no cloak)
rCorr   .            (no gloves)
SInv    +            u - +0 pair of boots
Will    .....        (no amulet) Stlth
                     r - +4 ring of protection
HPRegen 0.27/turn    w - ring of see invisible
MPRegen 0.10/turn

%: no passive effects
@: about to teleport, weakened
A: sickness immunity, AC +4, negative energy resistance 1, electricity
resistance, torment resistance 1, petrification resistance
a: no special abilities


You were on level 4 of the Dungeon.
You visited 1 branch of the dungeon, and saw 4 of its levels.

You collected 158 gold pieces.

Inventory:

Hand Weapons
 a - a +0 flail of protection (weapon)
Missiles
 g - 14 poisoned darts
Armour
 c - a +0 buckler (worn)
 e - a +1 chain mail (worn)
 k - a +0 helmet (worn)
 u - a +0 pair of boots (worn)
Jewellery
 r - a +4 ring of protection (left hand)
 w - a ring of see invisible (right hand)
Wands
 x - a wand of flame (4)
Scrolls
 f - a scroll of teleportation
Potions
 b - a potion of ambrosia {unknown}
 d - 2 potions of might
 h - a potion of invisibility {unknown}
 i - a potion of brilliance {unknown}
 l - 2 potions of degeneration {unknown}
 m - 2 potions of curing {unknown}
 n - 2 potions of heal wounds {unknown}
 p - a potion of resistance {unknown}
 q - a potion of enlightenment {unknown}
 z - a potion of haste


   Skills:
 + Level 5.5 Fighting
 + Level 4.4 Maces & Flails
 + Level 5.5 Armour
 + Level 5.4 Shields


You had 6 spell levels left.
You didn't know any spells.
Your spell library contained the following spells:

 Spells                   Type           Power      Damage    Failure   Level
 Ensorcelled Hibernation  Hex/Ice        0%         N/A       99%         2
 Passwall                 Tmut/Erth      0%         N/A       99%         2
 Hailstorm                Conj/Ice       0%         3d3       100%        3
 Swiftness                Air            0%         N/A       100%        3
 Summon Ice Beast         Ice/Summ       0%         N/A       100%        4
 Simulacrum               Ice/Necr       0%         N/A       100%        6


Dungeon Overview and Level Annotations

Branches:
Dungeon (4/15)
 Temple: D:4-7

Altars:
Hepliaklqana

Shops:
D:1 (

Annotations:
D:4 Blork the orc


Innate Abilities, Weirdness & Mutations

You are immune to sickness and miasma.
Your stone body is resilient. (AC +4)
You are immune to poison.
You resist negative energy. (rN+)
You are resistant to electric shocks. (rElec)
You are resistant to unholy torment.
You are immune to petrification.


Message History

The gnoll hits you with a +0 whip.
* * * LOW HITPOINT WARNING * * *
The hound bites you.
* * * LOW HITPOINT WARNING * * *
You block the hound's attack. You block the gnoll's attack.
The gnoll hits you but does no damage.
As you read the scroll labelled OFAPYA XILI, it crumbles to dust.
It is a scroll of amnesia.
You feel forgetful for a moment.
Your attacks no longer feel as feeble.
The gnoll is no longer moving quickly.
The hound bites you but does no damage. The hound completely misses you.
The gnoll bouda gazes fiercely through you!
You feel your attacks grow feeble.
The gnoll bouda hits you but does no damage.
The gnoll closely misses you. x2; The hound closely misses you.
The hound bites you but does no damage. The gnoll hits you but does no damage.
As you read the scroll labelled AVIHUBLAUDO, it crumbles to dust.
It is a scroll of brand weapon.
Your +0 flail projects an invisible shield of force!
a - a +0 flail of protection (weapon)
The gnoll bouda barks out a call to the hunt!
The gnoll picks up the pace!
You block the gnoll's attack.
The hound bites you but does no damage. x2
You block the gnoll's attack. The gnoll hits you with a +0 spear.
* * * LOW HITPOINT WARNING * * *
As you read the scroll labelled MEIVVI PALU, it crumbles to dust.
It is a scroll of enchant armour.
Your +0 chain mail glows green for a moment.
The hound completely misses you. You block the hound's attack.
The gnoll bouda completely misses you. The gnoll hits you but does no damage.
You block the gnoll's attack. The hound closely misses you.
The hound barely misses you. The gnoll hits you with a +0 spear.
* * * LOW HITPOINT WARNING * * *
As you read the scroll labelled YSIORA EXTEUT, it crumbles to dust.
You feel strangely unstable.
It was a scroll of teleportation.
The gnoll bouda hits you but does no damage.
The gnoll hits you but does no damage. The hound closely misses you.
You block the hound's attack. The gnoll hits you with a +0 flail.
You die...

§§§§§ ##§.##..#.#
§§§§§. .#.§§#.....
#§§§§§.
...§§§....##§§§§§§#
...§§§§....§§§§§§§.
...§§§§§...o§§§§§§.
...§§§§§.##go§§§§§.
...§§§§§oh@gg§§§##.
...§§§§§ghggJ§§§§§.
#..§§§§#§SKgK§§§§§.
...§§§#####§§§§§§§#
...§.. .§§§§§§§#
..... #§§§#§§§.
..... ##§§§§§##
.... #§§§§# ....
....#


You could see Blork the orc (fast), a gnoll bouda, 2 hounds, 4 gnolls, an adder,
2 orcs, an endoplasm, a hobgoblin, a goblin and 2 kobolds.

Vanquished Creatures
  Grinder (D:3)
  Sigmund (D:3)
  2 howler monkeys
  A jelly (D:3)
  An orc priest (D:3)
  Terence (D:3)
  Ijyb (D:3)
  Robin (D:2)
  3 adders
  2 worms
  2 dart slugs
  10 orcs (D:3)
  3 bats (D:3)
  4 endoplasms (D:1)
  A giant cockroach (D:2)
  11 hobgoblins
  6 jackals
  A kobold (D:2)
  4 quokkas
  6 ball pythons
  A frilled lizard (D:2)
  14 goblins
  2 rats
79 creatures vanquished.

Notes
Turn   | Place    | Note
-------+----------+-------------------------------------------
     0 | D:1      | Dittersdorf the Gargoyle Fighter began the quest for the
                  | Orb.
     0 | D:1      | Reached XP level 1. HP: 14/14 MP: 1/1
   118 | D:1      | Reached XP level 2. HP: 16/19 MP: 2/2
   593 | D:1      | Reached XP level 3. HP: 23/23 MP: 3/3
   991 | D:1      | Found Enkyepuo's Antique Weapon Shop.
  1055 | D:2      | Noticed Robin
  1190 | D:2      | Killed Robin
  1191 | D:2      | Reached XP level 4. HP: 21/29 MP: 4/4
  1786 | D:2      | Reached XP level 5. HP: 33/33 MP: 5/5
  2186 | D:3      | Found a hazy altar of Hepliaklqana.
  2251 | D:3      | Noticed Terence
  2266 | D:3      | Killed Terence
  2322 | D:3      | Noticed Ijyb
  2341 | D:3      | Killed Ijyb
  2385 | D:3      | Noticed Grinder
  2392 | D:3      | Paralysed by Grinder for 4 turns
  2404 | D:3      | Reached XP level 6. HP: 39/39 MP: 6/6
  2413 | D:3      | Killed Grinder
  2414 | D:3      | Reached skill level 5 in Fighting
  2414 | D:3      | Reached skill level 5 in Armour
  2473 | D:3      | Reached skill level 5 in Shields
  2634 | D:3      | Noticed Sigmund
  2640 | D:3      | Reached XP level 7. HP: 44/44 MP: 7/7
  2649 | D:3      | Killed Sigmund
  2865 | D:3      | Found a faded altar of an unknown god.
  3353 | D:4      | Noticed Blork the orc
  3383 | D:4      | HP: 1/44 [gnoll/+0 spear[a gnoll bouda] (3)]
  3385 | D:4      | Slain by a gnoll

Illustrated notes

Levels and vault maps discovered:
D:1:      nzn_arrival_crosshair, layout_loops_corners, serial_shops,
          nicolae_shop_peninsula
D:2:      layout_basic, uniq_robin
D:3:      layout_loops_ring, nicolae_hepliaklqana_hippocampus,
          shapermc_ecumenical_altar_hornbeckon, uniq_terence, uniq_sigmund,
          uniq_grinder, uniq_ijyb
D:4:      layout_cave_pools, grunt_temple_overflow_gold_and_silver,
          uniq_blork_the_orc

Skill      XL: |  1  2  3  4  5  6  7 |
---------------+----------------------+-----
Fighting       | 4 5 |  5.5
Armour         | 4 5 |  5.5
Shields        | 4 5 |  5.4
Maces & Flails | 3 4 |  4.4

Action                     |  1- 3 |  4- 6 |  7- 9 || total
---------------------------+-------+-------+-------++-------
  Melee: Flail             |   124 |   138 |    67 ||   329
    Use: Scroll            |       |       |     6 ||     6
 Armour: Scale mail        |    16 |       |       ||    16
         Chain mail        |    92 |    98 |   107 ||   297
  Dodge: Dodged            |    64 |    55 |    61 ||   180
  Block: Buckler           |    33 |    29 |    41 ||   103

Table legend: (Time is in decaauts)
 A = Elapsed time spent in this place.
 B = Non-inter-level travel time spent in this place.
 C = Inter-level travel time spent in this place.
 D = Time resting spent in this place.
 E = Time spent auto-exploring this place.
 F = Levels seen in this place.
 G = Mean time per level.
                   A        B        C        D        E       F      G
               +--------+--------+--------+--------+--------+-----+--------+
         Total |   3488 |   3411 |     77 |    218 |   2459 |   4 |  872.0 |
       Dungeon |   3488 |   3411 |     77 |    218 |   2459 |   4 |  872.0 |
               +--------+--------+--------+--------+--------+-----+--------+

Top non-repeatable levels by time:
     D:3: 1226 daAuts
     D:1: 1156 daAuts
     D:2: 1054 daAuts
     D:4: 51 daAuts
